cohdb
Replays
Latest Replays
All Replays
Popular Replays
Top Player Replays
Match Explorer
How It Works
Community
CoH3 Stats
Reddit
Sign in to upload your games and track your stats! →
Sign in with Steam
Match 45166353
Unlisted
Match 45166353
Overview
Messages
Build Orders
End
Kradschützen Motorcycle Team
Panzergrenadier Squad
Panzergrenadier Squad
Construct Light Support Kompanie
Assault Grenadier Squad
Fire Support Elements
Flakvierling Half-track
Panzerpioneer Squad
Pak 38 Mechanized Group
Selects Battlefield Espionage Battlegroup
Selects Sector Subterfuge Beacon
Selects Plunder
Vehicle Survival Package
Selects 250/3 Funkpanzerwagen
Construct Panzerarmee Kommand
Selects Anti-Tank Incendiary Munitions
2.5-tonne Medical Truck
Panzerpioneer Squad
Pak 38 Anti-tank Gun Team
Selects Firestorm
Panzer III L Medium Tank
Emergency Repair Kits
le.IG 18 Mechanized Group
Armored Reserves
Firestorm
Selects Operation Skorpion
Rapid Advance
Firestorm
Rolling9Deep
Demi
Partizanski
DebaKLe
0
0
Comments
sign in to comment!
No comments posted yet!